 Dungeon Crawl Stone Soup version 0.24.0-1-gfbc8707 (webtiles) character file.

Game seed: 14893243619687219028, levelgen mode: deterministic

82 Minkie the Covered (level 4, -1/40 HPs)
             Began as a Minotaur Fighter on Nov 9, 2019.
             Was an Initiate of Qazlal.
             Killed by divine providence
             ... invoked by an orc priest
              (10 damage)
             ... on level 3 of the Dungeon.
             The game lasted 00:13:14 (2023 turns).

Minkie the Covered (Minotaur Fighter)               Turns: 2023, Time: 00:13:14

Health: -1/40      AC:  7    Str: 21    XL:     4   Next: 21%
Magic:  3/3        EV:  8    Int:  5    God:    Qazlal [......]
Gold:   99         SH:  0    Dex: 10    Spells: 3/3 levels left

rFire    . . .     SeeInvis .   n - +2 dagger (freeze)
rCold    . . .     Gourm    .   c - +0 shield
rNeg     . . .     Faith    .   b - +0 scale mail
rPois    .         Spirit   .   (helmet restricted)
rElec    .         Reflect  .   (no cloak)
rCorr    .         Harm     .   (no gloves)
MR       .....                  (no boots)
Stlth    ..........             (no amulet)
HPRegen  0.13/turn              (no ring)
MPRegen  0.08/turn              (no ring)

@: confused
A: retaliatory headbutt, horns 2
a: Renounce Religion


You were on level 3 of the Dungeon.
You worshipped Qazlal.
Qazlal was noncommittal.
You were not hungry.

You visited 1 branch of the dungeon, and saw 3 of its levels.

You collected 99 gold pieces.

Inventory:

Hand Weapons
 a - a +0 long sword
 n - a +2 dagger of freezing (weapon)
Armour
 b - a +0 scale mail (worn)
 c - a +0 shield (worn)
Jewellery
 g - an uncursed ring of ice
Scrolls
 h - a scroll of fear {unknown}
 j - a scroll of blinking {unknown}
 k - 2 scrolls of amnesia {unknown}
 p - a scroll of identify {unknown}
Potions
 d - a potion of might
 e - a potion of heal wounds {unknown}
 i - a potion of brilliance {unknown}
 l - a potion of flight {unknown}
 m - 2 potions of mutation {unknown}
 q - a potion of curing {unknown}
Comestibles
 f - 3 rations
 o - 3 chunks of flesh


   Skills:
 + Level 4.2 Fighting
 + Level 2.9 Long Blades
 + Level 4.3 Armour
 - Level 1.6 Dodging
 + Level 4.2 Shields
 * Level 0.6 Invocations


You had 3 spell levels left.
You didn't know any spells.
Your spell library was empty.

Dungeon Overview and Level Annotations

Branches:
Dungeon (3/15)

Altars:
Qazlal
Yredelemnul


Innate Abilities, Weirdness & Mutations

You reflexively headbutt those who attack you in melee.
You have a pair of horns on your head.


Message History

You see here a stone.
There are monsters nearby!
Something hits you.
* * * LOW HITPOINT WARNING * * *
You miss something. Your headbutt misses something.
Something hits you but does no damage.
You miss something.
You hear some strange, mumbled words.
Something tries to affect you, but you resist.
You hear a shout!
You hit something. You freeze something.
You hear some strange, mumbled words.
A puff of flame appears from out of thin air!
The puff of flame misses you.
You barely miss something.
You hear some strange, mumbled words.
You are confused.
The orc priest calls down the wrath of Beogh upon you.
Beogh smites you!
You die...

#..#.....##.#.÷.÷..>.....#
#..#....#.....#####.####.#
#...#..#......# #.# ...
#....###......# #.# ###
#.....###...#.# #.###
##....#..#..#.#####....
#...#....#...(.....#
#.##.....#...#(...##
#..........#.#@####
############.#.# #.#S#
#...o ###.## #.# #.# #.#
...


You could see an orc priest and an adder.

Vanquished Creatures
  3 adders
  A worm (D:2)
  A dart slug (D:2)
  A leopard gecko (D:2)
  4 giant cockroaches
  5 goblins
  4 hobgoblins
  4 jackals (D:2)
  4 kobolds
  2 quokkas
  6 bats
  10 frilled lizards
  3 rats (D:2)
48 creatures vanquished.

Notes
Turn   | Place    | Note
-------+----------+-------------------------------------------
     0 | D:1      | Minkie the Minotaur Fighter began the quest for the Orb.
     0 | D:1      | Reached XP level 1. HP: 19/19 MP: 0/0
   231 | D:2      | Reached XP level 2. HP: 26/27 MP: 1/1
   454 | D:2      | Reached XP level 3. HP: 25/33 MP: 2/2
   582 | D:2      | Reached skill level 1 in Dodging
  1451 | D:2      | Found a basalt altar of Yredelemnul.
  1604 | D:2      | Found a stormy altar of Qazlal.
  1613 | D:2      | Became a worshipper of Qazlal Stormbringer
  1937 | D:3      | Reached XP level 4. HP: 40/40 MP: 3/3
  2023 | D:3      | Killed from afar by an orc priest

Levels and vault maps discovered:
D:1:      wander_arrival_estate, layout_rooms, serial_co_window_serial,
          co_window_paths_b, co_window_corner_a, co_window_paths_b,
          co_window_cross_1, co_window_of_opportunity_a, co_window_corner_a,
          co_window_corner_a, co_window_paths_a, co_window_paths_b,
          co_window_corner_cb, co_window_of_opportunity_b, co_window_corner_ca,
          co_window_unsneaky_path_d, glass_columns_a, glass_columns_a,
          glass_columns_c, glass_columns_c, glass_columns_b, minmay_tetromino_l4
D:2:      layout_loops_ring, nicolae_overflow_crystal_walls,
          nicolae_overflow_hidden_temple, first_ration, dk_noncrumbling_4,
          minmay_misc_feat_five, minmay_lizard_king
D:3:      layout_loops_ring, minmay_misc_feat_chi, elyvilon_altar_4,
          uniq_natasha

Skill      XL: |  1  2  3 |
---------------+----------+-----
Shields        | 4 |  4.2
Fighting       | 4 |  4.2
Armour         | 4 |  4.3
Dodging        | 1 |  1.6
Long Blades    | |  2.9
Invocations    | |  0.6

Action                   |  1- 3 |  4- 6 || total
-------------------------+-------+-------++-------
Melee: Long sword        |    82 |       ||    82
       Headbutt          |     9 |     4 ||    13
       Dagger            |    31 |    25 ||    56
  Eat: Chunk             |     3 |     1 ||     4
Armor: Scale mail        |    42 |    10 ||    52
Dodge: Dodged            |    32 |     4 ||    36
Block: Shield            |    50 |     9 ||    59
       Rpst.: Long sword |     5 |       ||     5
